 Dungeon Crawl Stone Soup version 0.27-a0-660-g90476cec82 (webtiles) character file.

Game seed: 5023987897306141479

921 robertstho the Covered (level 8, -10/63 HPs)
             Began as a Formicid Abyssal Knight on Mar 16, 2021.
             Was a Priest of Lugonu.
             Mangled by an orc warrior
             ... wielding a +1 battleaxe of electrocution
              (15 damage)
             ... on level 6 of the Dungeon.
             The game lasted 00:08:50 (5977 turns).

robertstho the Covered (Formicid Abyssal Knight)    Turns: 5977, Time: 00:08:51

Health: -10/63     AC: 16    Str: 18 (20) XL:     8   Next: 31%
Magic:  20/20      EV:  2    Int:  9 (12) God:    Lugonu [***...]
Gold:   251        SH: 11    Dex:  8 (11) Spells: 7/7 levels left

rFire    + . .     SeeInvis +   j - +2 hand axe (elec)
rCold    x . .     Faith    .   d - +0 tower shield
rNeg     . . .     Spirit   .   q - +0 plate armour
rPois    .         Reflect  .   (helmet unavailable)
rElec    .         Harm     .   k - scarf {+Inv}
rCorr    .         Rampage  .   u - +2 pair of gloves
Will     .....                  (no boots)
Stlth    ..........             (no amulet)
HPRegen  0.20/turn              i - ring of magical power
MPRegen  0.17/turn              m - ring of fire

@: no status effects
A: permanent stasis, dig shafts and tunnels, antennae 3, four strong arms,
strong 1, sturdy frame 1
a: Dig, Shaft Self, Renounce Religion, Evoke Invisibility, Depart the Abyss,
Bend Space, Banish


You were on level 6 of the Dungeon.
You worshipped Lugonu.
Lugonu was most pleased with you.
You visited 1 branch of the dungeon, and saw 6 of its levels.
You visited the Abyss 1 time.

You collected 251 gold pieces.

Inventory:

Hand Weapons
 c - a +0 dagger of speed
 f - a +2 dagger of protection
 j - a +2 hand axe of electrocution (weapon)
Armour
 d - a +0 tower shield (worn)
 k - a scarf of invisibility (worn)
 q - a +0 plate armour (worn)
 u - a +2 pair of gloves (worn)
Jewellery
 i - a ring of magical power (right hand)
 m - a ring of fire (left hand)
 s - a ring of flight
Scrolls
 e - a scroll of immolation {unknown}
 o - 2 scrolls of enchant armour {unknown}
 p - 3 scrolls of amnesia {unknown}
 r - a scroll of enchant weapon
 t - a scroll of fog
Potions
 a - a potion of degeneration
 b - a potion of cancellation
 g - a potion of haste {unknown}
 h - a potion of flight {unknown}
 l - 2 potions of attraction {unknown}
 n - a potion of ambrosia {unknown}


   Skills:
 * Level 5.6 Fighting
 + Level 2.0 Short Blades
 + Level 3.9 Axes
 * Level 6.2 Armour
 + Level 1.7 Dodging
 + Level 0.6 Stealth
 + Level 1.2 Shields
 + Level 0.3 Unarmed Combat
 * Level 4.3 Invocations


You had 7 spell levels left.
You didn't know any spells.
Your spell library contained the following spells:

 Spells                   Type           Power      Damage    Failure   Level
 Animate Skeleton         Necr           0%         N/A       100%        1
 Pain                     Necr           0%         1d4       100%        1
 Vampiric Draining        Necr           0%         2d6       100%        3
 Animate Dead             Necr           0%         N/A       100%        4
 Agony                    Necr           0%         N/A       100%        5


Dungeon Overview and Level Annotations

Branches:
Dungeon (6/15)             Temple (0/1) D:5

Altars:


Innate Abilities, Weirdness & Mutations

You cannot be hasted, slowed, berserked, paralysed or teleported.
You can dig through walls and to a lower floor.
You have a pair of large antennae on your head. (SInv)
Your four strong arms can wield two-handed weapons with a shield.
Your muscles are strong. (Str +2)
Your movements are slightly less encumbered by armour. (ER -2)


Message History

You hit the centaur.
The centaur is lightly wounded.
You block the centaur's attack. The centaur barely misses you.
You block the centaur's attack.
You completely miss the centaur.
The centaur is lightly wounded.
The centaur hits you but does no damage.
You block the centaur's attack.
You hit the centaur.
The centaur is lightly wounded.
The centaur completely misses you. You block the centaur's attack.
Your shield prevents you from hitting the centaur.
The centaur is lightly wounded.
The centaur hits you! You block the centaur's attack.
The centaur hits you but does no damage.
You barely miss the centaur.
The centaur is lightly wounded.
The centaur hits you but does no damage.
You block the centaur's attack.
You hit the centaur but do no damage. Lightning courses through the centaur!
The centaur is almost dead.
You block the centaur's attack.
The centaur hits you but does no damage.
You hit the centaur.
The centaur is almost dead.
You block the centaur's attack.
The centaur hits you but does no damage.
The centaur barely misses you.
You hit the centaur.
You kill the centaur!
Lugonu accepts your kill.
It was a potion of degeneration.
There was something very wrong with that liquid.
You feel weakened.
You feel dopey.
You feel clumsy.
The orc warrior hits you with a +1 battleaxe of electrocution!
You are electrocuted!!
* * * LOW HITPOINT WARNING * * *
It was a potion of cancellation.
You feel magically purged.
The orc warrior hits you with a +1 battleaxe of electrocution!
You die...

# ...
#########.....
#<)).)@ooo....
#########.....
{ ... .


You could see an orc warrior and 2 orcs.

Vanquished Creatures
  An ice beast (D:6)
  2 ogres
  2 centaurs (D:6)
  A bullfrog zombie (D:3)
  2 orc priests (D:6)
  An iguana (D:4)
  Terence (D:2)
  Natasha (D:2)
  2 orc wizards (D:6)
  Ijyb (D:4)
  2 worker ants
  Robin (D:2)
  4 adders
  4 gnolls (D:5)
  A howler monkey skeleton (D:5)
  3 oozes
  An adder zombie (D:4)
  An adder skeleton (D:4)
  A worm (D:3)
  A dart slug (D:2)
  5 orcs
  A ball python (D:2)
  3 giant cockroaches (D:4)
  15 goblins
  13 hobgoblins
  9 kobolds
  4 quokkas
  7 bats
  8 frilled lizards
  A giant cockroach zombie (D:5)
  A leopard gecko skeleton (D:4)
  7 rats
107 creatures vanquished.

Notes
Turn   | Place    | Note
-------+----------+-------------------------------------------
     0 | Abyss:1  | robertstho the Formicid Abyssal Knight began the quest for
                  | the Orb.
     0 | Abyss:1  | Reached XP level 1. HP: 18/18 MP: 2/2
    97 | Abyss:1  | Noticed an Executioner
   123 | Abyss:1  | Noticed a hell hound
   126 | D:1      | Escaped the Abyss
   440 | D:1      | Reached * piety under Lugonu
   455 | D:1      | You fall into a shaft and drop 1 floor!
   496 | D:2      | Reached XP level 2. HP: 23/24 MP: 3/3
   717 | D:2      | Noticed Robin
   752 | D:1      | Reached XP level 3. HP: 4/30 MP: 4/4
  2083 | D:2      | Reached XP level 4. HP: 36/37 MP: 5/5
  2156 | D:2      | Reached skill level 1 in Short Blades
  2407 | D:2      | Killed Robin
  2407 | D:2      | Reached ** piety under Lugonu
  2408 | D:2      | Reached skill level 1 in Dodging
  2523 | D:2      | Noticed Terence
  2546 | D:2      | Gained mutation: Your movements are slightly less
                  | encumbered by armour. (ER -2) [potion of mutation]
  2546 | D:2      | Gained mutation: Your muscles are strong. (Str +2) [potion
                  | of mutation]
  2556 | D:2      | Killed Terence
  2748 | D:2      | Noticed Natasha
  2767 | D:2      | Killed Natasha
  2768 | D:2      | Reached skill level 3 in Armour
  2768 | D:2      | Reached XP level 5. HP: 29/43 MP: 6/6
  3694 | D:3      | Found a faded altar of an unknown god.
  3895 | D:3      | Reached XP level 6. HP: 50/50 MP: 8/8
  4647 | D:4      | Noticed Ijyb
  4649 | D:4      | Noticed an ogre
  4677 | D:4      | Killed an ogre
  4678 | D:4      | Reached skill level 4 in Armour
  4713 | D:4      | Killed Ijyb
  4796 | D:4      | Reached XP level 7. HP: 55/55 MP: 9/9
  4881 | D:4      | Reached skill level 5 in Fighting
  5179 | D:5      | Entered Level 5 of the Dungeon
  5197 | D:5      | Found a staircase to the Ecumenical Temple.
  5705 | D:6      | Reached skill level 5 in Armour
  5958 | D:6      | Reached XP level 8. HP: 38/62 MP: 11/11
  5963 | D:6      | Reached skill level 6 in Armour
  5963 | D:6      | Reached skill level 1 in Shields
  5964 | D:6      | Reached *** piety under Lugonu
  5977 | D:6      | Mangled by an orc warrior

Illustrated notes

Levels and vault maps discovered:
D:1:      matt_arrival_refuge, layout_basic
D:2:      layout_basic, uniq_terence, uniq_natasha, uniq_robin
D:3:      layout_loops_corners, chequers_ecumenical_altar_simple
D:4:      layout_basic, uniq_ijyb
D:5:      layout_basic, minmay_temple_entry_ruins, serial_shops, shop
D:6:      layout_basic, uniq_grinder

Skill      XL: |  1  2  3  4  5  6  7  8 |
---------------+-------------------------+-----
Fighting       | 4 5 |  5.6
Short Blades   | 1 2 |  2.0
Dodging        | 1 |  1.7
Armour         | 3 4 5 6 |  6.2
Invocations    | 3 4 |  4.3
Axes           | 3 |  3.9
Shields        | 1 |  1.2
Stealth        | |  0.6
Unarmed Combat | |  0.3

Action                   |  1- 3 |  4- 6 |  7- 9 || total
-------------------------+-------+-------+-------++-------
Melee: Dagger            |   128 |   124 |       ||   252
       Hand axe          |       |    77 |    80 ||   157
       Unarmed           |       |     4 |       ||     4
Invok: Depart the Abyss  |     1 |       |       ||     1
 Abil: Dig               |     2 |       |       ||     2
Evoke: Wand              |       |     1 |       ||     1
  Use: Potion            |     2 |     2 |     2 ||     6
       Scroll            |       |     5 |     1 ||     6
Armor: Leather armour    |    41 |    21 |       ||    62
       Skin              |     2 |       |       ||     2
       Scale mail        |       |    53 |       ||    53
       Plate armour      |       |    15 |    65 ||    80
Dodge: Dodged            |    67 |    96 |    19 ||   182
Block: Tower shield      |       |       |    36 ||    36

Table legend: (Time is in decaauts)
 A = Elapsed time spent in this place.
 B = Non-inter-level travel time spent in this place.
 C = Inter-level travel time spent in this place.
 D = Time resting spent in this place.
 E = Time spent auto-exploring this place.
 F = Levels seen in this place.
 G = Mean time per level.
                   A        B        C        D        E       F      G
               +--------+--------+--------+--------+--------+-----+--------+
         Total |   6003 |   5875 |    128 |    772 |   4112 |   7 |  857.6 |
       Dungeon |   5877 |   5749 |    128 |    772 |   4020 |   6 |  979.5 |
         Abyss |    125 |    125 |      0 |      0 |     92 |   1 |  125.0 |
               +--------+--------+--------+--------+--------+-----+--------+

Top non-repeatable levels by time:
     D:2: 1444 daAuts
     D:1: 1384 daAuts
     D:3: 1265 daAuts
     D:4: 1134 daAuts
     D:5: 360 daAuts
     D:6: 288 daAuts
 Abyss:1: 125 daAuts
